Map: Eternal Empire LE

Players

Throwfordays - Winner!

  • Race: Protoss Protoss
  • League: Bronze
  • Spawn Location: 1:00

VOD

Have the link to the VOD?

Description

Time

  • Played on: June 26, 2020, 7:35 p.m.
  • Length: 6:37
Show
View Real Time Build Order
Export as new Build Order

Throwfordays Protoss - Winner!

Build Orders:  

Get SALT Encoding   

  12  0:04  Probe (Chrono Boost)  
  14  0:21  Probe (Chrono Boost)  
  14  0:35  Pylon  
  14  0:38  Probe (Chrono Boost)  
  15  1:02  Gateway  
  15  1:08  Gateway  
  15  1:12  Probe (Chrono Boost)  
  16  1:23  Probe (Chrono Boost)  
  17  1:33  Assimilator  
  17  1:35  Probe (Chrono Boost)  
  18  1:52  Probe (Chrono Boost)  
  19  2:09  Probe (Chrono Boost)  
  20  2:11  Zealot  
  20  2:12  Cybernetics Core  
  22  2:27  Pylon  
  22  2:52  Zealot  
  22  2:53  Zealot  
  26  3:00  Gateway  
  30  3:53  Pylon  
  30  3:55  Warp Gate  
  30  4:12  Unknown x2  
  30  4:19  Gateway  
  32  5:00  Unknown x3  
  30  5:30  Adept  
  30  5:31  Adept x2  
  36  6:00  Adept  
  36  6:05  Pylon  
Tags
 
League
Bronze
Matchup
Co-op
Replay Pack
Multiplayer
Add a new tag
Caveats
  • Supply blocks, unpowered buildings, or Contaminate may cause inaccurate times.
  • Supply counts are checked every 10 seconds.